 Dungeon Crawl Stone Soup version 0.23.0 (webtiles) character file.

Game seed: 8678940220501402831

121 Ivernyr the Magician (level 5, -1/42 HPs)
             Began as a Naga Wizard on Feb 18, 2019.
             Slain by a bullfrog zombie (4 damage)
             ... on level 3 of the Dungeon.
             The game lasted 00:09:37 (2264 turns).

Ivernyr the Magician (Naga Wizard)                  Turns: 2264, Time: 00:09:38

Health: -1/42      AC:  2    Str: 10    XL:     5   Next: 5%
Magic:  0/10       EV: 10    Int: 19    God:
Gold:   22         SH:  0    Dex:  9    Spells: 2/11 levels left

rFire    . . .     SeeInvis +   (no weapon)
rCold    . . .     Gourm    .   (no shield)
rNeg     . . .     Faith    .   a - +0 robe
rPois    +         Spirit   .   b - +0 hat
rElec    .         Reflect  .   (no cloak)
rCorr    .         Harm     .   (no gloves)
MR       .....                  (no barding)
Stlth    ++........             (no amulet)
HPRegen  0.14/turn              (no ring)
MPRegen  0.12/turn              (no ring)

@: very slow
A: large, see invisible, deformed body, poison resistance, slowness 2, slow
metabolism 1, spit poison 1, AC +1
a: Spit Poison


You were on level 3 of the Dungeon.
You were not hungry.

You visited 1 branch of the dungeon, and saw 3 of its levels.

You collected 22 gold pieces.

Inventory:

Armour
 a - a +0 robe (worn)
 b - a +0 hat (worn)
Jewellery
 k - an uncursed amulet of the acrobat {unknown}
Scrolls
 c - a scroll of fog {unknown}
 e - a scroll of noise {unknown}
 f - 2 scrolls of enchant weapon {unknown}
 g - a scroll of remove curse {unknown}
 h - 2 scrolls of blinking {unknown}
 i - a scroll of teleportation {unknown}
 j - 3 scrolls of identify {unknown}
Comestibles
 d - 8 rations


   Skills:
 + Level 2.4 Dodging
 - Level 3.0 Stealth
 + Level 3.9 Spellcasting
 * Level 3.0 Conjurations
   Level 1.0 Summonings
 - Level 1.0 Translocations


You had 2 spell levels left.
You knew the following spells:

 Your Spells              Type           Power        Failure   Level  Hunger
a - Magic Dart            Conj           ###.         4%          1    None
b - Blink                 Tloc           N/A          14%         2    ##.....
c - Conjure Flame         Conj/Fire      #.......     22%         3    ###....
d - Mephitic Cloud        Conj/Pois/Air  #.......     26%         3    ###....

Your spell library contained the following spells:

 Spells                   Type           Power        Failure   Level  Hunger
 Call Imp                 Summ           #.......     14%         2    ##.....
 Slow                     Hex            #.......     22%         2    ##.....


Dungeon Overview and Level Annotations

Branches:
Dungeon (3/15)

Altars:


Innate Abilities, Weirdness & Mutations

You cannot wear boots.
Your serpentine skin is tough. (AC +1)
You have supernaturally acute eyesight. (SInv)
Armour fits poorly on your strangely shaped body.
Your system is resistant to poisons. (rPois)
You cover ground very slowly.
You have a slow metabolism.
You can spit poison.


Message History

The magic dart hits the bullfrog zombie.
The bullfrog zombie is heavily damaged.
The bullfrog zombie hits you. The bullfrog zombie hits you.
* * * LOW HITPOINT WARNING * * *
The bullfrog zombie barely misses you. The bullfrog zombie hits you.
* * * LOW HITPOINT WARNING * * *
The bullfrog zombie hits you but does no damage.
The bullfrog zombie hits you.
* * * LOW HITPOINT WARNING * * *
Casting: Magic Dart (safe; 4% risk of failure)
Confirm with . or Enter, or press ? or * to list all spells.
Aiming: Magic Dart (safe; 4% risk of failure)
Press: ? - help, Shift-Dir - straight line, f/p - bullfrog zombie
Aim: a bullfrog zombie (heavily damaged)
The magic dart hits the bullfrog zombie.
The bullfrog zombie is heavily damaged.
The bullfrog zombie barely misses you. The bullfrog zombie hits you.
You die...

#..# #..#### #.....#
#.###.## #.# #..#
######### #.#
##.####........ #.#
#....#........ #.#
####.......... #.#
##@....[... #.#
##Z####.# ######.######
#.## #.# ##...........##
#..###.# ###
#.............####..##.#
..# ...............#
##.##.#######...
.......†.......#
#..#...........
...............#
##...#####..#..
...............#
###.......#...


You could see a bullfrog zombie.

Vanquished Creatures
  6 adders
  A worm (D:2)
  2 dart slugs (D:1)
  3 leopard geckos
  4 giant cockroaches
  8 goblins
  7 hobgoblins
  2 quokkas
  A ball python (D:1)
  7 bats
  5 frilled lizards
  6 kobolds
  6 rats
58 creatures vanquished.

Notes
Turn   | Place    | Note
-------+----------+-------------------------------------------
     0 | D:1      | Ivernyr the Naga Wizard began the quest for the Orb.
     0 | D:1      | Reached XP level 1. HP: 15/15 MP: 4/4
   144 | D:1      | Reached XP level 2. HP: 22/22 MP: 0/6
   149 | D:1      | Learned a level 2 spell: Blink
   693 | D:1      | Reached XP level 3. HP: 28/28 MP: 4/8
   730 | D:1      | Learned a level 3 spell: Conjure Flame
   734 | D:1      | Learned a level 3 spell: Mephitic Cloud
  1213 | D:2      | Reached XP level 4. HP: 36/36 MP: 6/9
  2195 | D:3      | Reached XP level 5. HP: 38/42 MP: 4/10
  2264 | D:3      | Slain by a bullfrog zombie

Skill      XL: |  1  2  3  4 |
---------------+-------------+-----
Dodging        | 2 |  2.4
Conjurations   | 2 3 |  3.0
Stealth        | |  3.0
Spellcasting   | |  3.9
Summonings     | |  1.0
Translocations | |  1.0

Action                   |  1- 3 |  4- 6 || total
-------------------------+-------+-------++-------
Melee: Unarmed           |    22 |    11 ||    33
 Cast: Magic Dart        |    52 |    37 ||    89
 Abil: Spit Poison       |    22 |    14 ||    36
  Eat: Chunk             |     1 |     4 ||     5
Armor: Robe              |     8 |     5 ||    13
Dodge: Dodged            |    26 |    21 ||    47
